 Dungeon Crawl Stone Soup version 0.30-a0-347-gf58ed5266c (webtiles) character file.

Game seed: 14435406523995211578

219 purpskrrrp the Digger (level 5, 0/57 HPs)
             Began as a Demigod Earth Elementalist on Nov 5, 2022.
             Slain by Duvessa
             ... wielding a +0 short sword
              (3 damage)
             ... on level 4 of the Dungeon.
             The game lasted 00:10:31 (3214 turns).

purpskrrrp the Digger (Demigod Earth Elementalist)  Turns: 3214, Time: 00:10:32

Health: 0/57       AC:  7    Str: 11    XL:     5   Next: 36%
Magic:  5/12       EV: 11    Int: 21    God:
Gold:   197        SH:  0    Dex: 14    Spells: 9/10 levels left

rFire   + . .      SeeInvis .    e - +1 dagger (vamp)
rCold   + . .      Faith    .    (no shield)
rNeg    . . .      Spirit   .    l - +0 ring mail "Nobbe" {rPois Str+2}
rPois   +          Reflect  .    (no helmet)
rElec   +          Harm     .    (no cloak)
rCorr   +          Rampage  .    r - +1 pair of gloves
Will    .....                    (no boots)
Stlth   ..........               p - amulet of the acrobat
HPRegen 0.29/turn                g - +4 ring of slaying
MPRegen 0.13/turn                (no ring)

@: berserking, lit by a corona, resistant, glowing, very quick
A: high MP 1, forlorn, divine attributes
a: no special abilities


You were on level 4 of the Dungeon.
You visited 1 branch of the dungeon, and saw 4 of its levels.

You collected 197 gold pieces.

Inventory:

Hand Weapons
 d - a +0 dagger
 e - a +1 vampiric dagger (weapon)
Missiles
 k - 6 poisoned darts
Armour
 a - a +0 robe
 f - a +0 leather armour
 l - the +0 ring mail "Nobbe" (worn) {rPois Str+2}
   (You found it on level 2 of the Dungeon)

   Str:       It affects your strength (+2).
   rPois:     It protects you from poison.
 r - a +1 pair of gloves (worn)
Jewellery
 g - a +4 ring of slaying (left hand)
 p - an amulet of the acrobat (around neck)
Scrolls
 i - 2 scrolls of magic mapping
 j - a scroll of immolation
Potions
 b - a potion of magic
 c - a potion of might
 n - 2 potions of attraction
 q - 3 potions of lignification


   Skills:
 + Level 2.6 Dodging
 - Level 2.6 Stealth
 * Level 3.2 Spellcasting
 + Level 2.2 Transmutations
 + Level 3.4 Earth Magic


You had 9 spell levels left.
You knew the following spells:

 Your Spells              Type           Power      Damage    Failure   Level
a - Sandblast             Erth           34%        2d9       8%          1

Your spell library contained the following spells:

 Spells                   Type           Power      Damage    Failure   Level
 Passwall                 Tmut/Erth      12%        N/A       16%         2
 Necrotise                Necr           12%        1d4       32%         1
 Shock                    Conj/Air       12%        1d3       32%         1
 Blink                    Tloc           6%         N/A       43%         2
 Cigotuvi's Dreadful Rot  Necr/Pois/Air  6%         N/A       43%         2
 Momentum Strike          Conj/Tloc      6%         3d8       43%         2
 Stone Arrow              Conj/Erth      20%        3d8       43%         3
 Lesser Beckoning         Tloc           6%         N/A       67%         3
 Vampiric Draining        Necr           3%         2d6       67%         3
 Petrify                  Tmut/Erth      15%        N/A       69%         4
 Dispel Undead            Necr           3%         3d7       97%         4
 Agony                    Necr           3%         N/A       100%        5
 Death Channel            Necr           1%         N/A       100%        6


Dungeon Overview and Level Annotations

Branches:
Dungeon (4/15)
 Temple: D:4-7

Shops:
D:3 :

Annotations:
D:4 Dowan, Duvessa


Innate Abilities, Weirdness & Mutations

You have an increased reservoir of magic. (+10% MP)
You shall have no god before yourself.
Your divine heritage dramatically boosts your attributes as you level up.


Message History

Duvessa hits you with a +0 short sword. Duvessa hits you but does no damage.
Your magical contamination has completely faded away.
Aiming: Sandblast (safe; 8% risk of failure)
Press: ? - help, Q - select action, (/) - cycle Shift-Dir - straight line, f/p - Duvessa
Aim: Duvessa, wielding a +0 short sword and wearing a +0 leather armour (fast, 84% to hit)
The blast of sand misses Duvessa.
The blast of sand hits Dowan.
Dowan is lightly wounded.
Duvessa hits you with a +0 short sword. Duvessa closely misses you.
Aiming: Sandblast (safe; 8% risk of failure)
Press: ? - help, Q - select action, (/) - cycle Shift-Dir - straight line, f/p - Duvessa
Aim: Duvessa, wielding a +0 short sword and wearing a +0 leather armour (fast, 84% to hit)
The blast of sand hits Duvessa.
Duvessa is lightly wounded.
Duvessa misses you.
Duvessa hits you with a +0 short sword. x2
Aiming: Sandblast (safe; 8% risk of failure)
Press: ? - help, Q - select action, (/) - cycle Shift-Dir - straight line, f/p - Duvessa
Aim: Duvessa, wielding a +0 short sword and wearing a +0 leather armour (lightly wounded, fast, 84% to hit)
The blast of sand hits Duvessa.
Duvessa is lightly wounded.
Duvessa hits you with a +0 short sword. x2
Aiming: Sandblast (safe; 8% risk of failure)
Press: ? - help, Q - select action, (/) - cycle Shift-Dir - straight line, f - Dowan, p - Duvessa
Aim: Dowan, wielding a +2 dagger of holy wrath and wearing a +0 robe (lightly wounded, 75% to hit)
The blast of sand hits Duvessa but does no damage.
Duvessa is lightly wounded.
Duvessa hits you with a +0 short sword!
* * * LOW HITPOINT WARNING * * *
Duvessa hits you with a +0 short sword!
* * * LOW HITPOINT WARNING * * *
Okay, then.
It was a potion of resistance.
You feel protected. Duvessa closely misses you.
Duvessa says, "My weaknesses are his strengths!"
Duvessa hits you but does no damage.
A red film seems to cover your vision as you go berserk!
You feel yourself moving faster!
You feel mighty!
Duvessa says, "Practise, practise, practise!
One day you'll be as good as me." Duvessa hits you with a +0 short sword.
You die...

...................#
.............###...#.#.#
.......................#
..............##.##....##
#........................
)........#......##.......
.........#....#.# .....#.
.........###..#.##o..>...
.........# #..#.@eeS...#
..........##..####S...?#
#.......#.##..# .....#
##.....##.##... [....#
####### ##)##. ยง....#
... . ....... .## .
....... ###.##(


You could see Duvessa (fast), Dowan, an orc and 2 ball pythons.

Vanquished Creatures
  A necrophage (D:2)
  A hound (D:4)
  An orc priest (D:3)
  3 adders
  4 dart slugs
  9 orcs
  4 ball pythons
  An endoplasm (D:2)
  4 giant cockroaches
  5 goblins
  4 hobgoblins
  4 quokkas
  3 bats
  10 frilled lizards
  3 kobolds
  8 rats
65 creatures vanquished.

Vanquished Creatures (others)
  10 plants (D:3)
10 creatures vanquished.

Grand Total: 75 creatures vanquished

Notes
Turn   | Place    | Note
-------+----------+-------------------------------------------
     0 | D:1      | purpskrrrp the Demigod Earth Elementalist began the quest
                  | for the Orb.
     0 | D:1      | Reached XP level 1. HP: 14/14 MP: 5/5
   109 | D:1      | Reached skill level 1 in Transmutations
   310 | D:1      | Reached XP level 2. HP: 20/20 MP: 4/7
   397 | D:1      | Got Plato's Almanac of Conflict
  1568 | D:2      | Reached XP level 3. HP: 26/26 MP: 7/9
  1610 | D:2      | Identified the +0 ring mail "Nobbe" {rPois Str+2}
  1849 | D:2      | Noticed a necrophage
  1860 | D:2      | Killed a necrophage
  1861 | D:2      | Reached XP level 4. HP: 14/33 MP: 6/10
  2491 | D:3      | Reached XP level 5. HP: 33/38 MP: 10/12
  2577 | D:3      | Found Otib's Book Shoppe.
  3202 | D:4      | Noticed Duvessa
  3202 | D:4      | Noticed Dowan
  3212 | D:4      | HP: 1/38 [Duvessa/+0 short sword (7)]
  3214 | D:4      | Slain by Duvessa

Illustrated notes

Levels and vault maps discovered:
D:1:      amcnicky_arrival_underground_garden, layout_loops_corners,
          shapermc_ecumenical_altar_rom_forum
D:2:      layout_basic, chequers_serial_rivers_micro_a
D:3:      layout_basic, serial_shops, nicolae_square_shop, minmay_lizard_king
D:4:      layout_rooms, minmay_bent, uniq_duvessa

Skill      XL: |  1  2  3  4 |
---------------+-------------+-----
Transmutations | 1 2 |  2.2
Spellcasting   | 2 3 |  3.2
Dodging        | 2 |  2.6
Stealth        | 2 |  2.6
Earth Magic    | 3 |  3.4

Action                   |  1- 3 |  4- 6 || total
-------------------------+-------+-------++-------
Melee: Unarmed           |     4 |       ||     4
       Dagger            |    12 |    23 ||    35
Throw: Dart              |    24 |       ||    24
 Cast: Sandblast         |    37 |    46 ||    83
  Use: Scroll            |     5 |     5 ||    10
       Potion            |       |     2 ||     2
 Stab: Sleeping          |     1 |       ||     1
Armor: Ring mail         |     3 |    15 ||    18
Dodge: Dodged            |    11 |    27 ||    38

Table legend: (Time is in decaauts)
 A = Elapsed time spent in this place.
 B = Non-inter-level travel time spent in this place.
 C = Inter-level travel time spent in this place.
 D = Time resting spent in this place.
 E = Time spent auto-exploring this place.
 F = Levels seen in this place.
 G = Mean time per level.
                   A        B        C        D        E       F      G
               +--------+--------+--------+--------+--------+-----+--------+
         Total |   3254 |   3115 |    139 |    348 |   2280 |   4 |  813.5 |
       Dungeon |   3254 |   3115 |    139 |    348 |   2280 |   4 |  813.5 |
               +--------+--------+--------+--------+--------+-----+--------+

Top non-repeatable levels by time:
     D:1: 1351 daAuts
     D:2: 1004 daAuts
     D:3: 838 daAuts
     D:4: 60 daAuts
